Harfangs vs Carnivores
Created - October 31, 2020 at 19:08
Goals
|
| Harfangs |
2 |
1 |
0 |
0 |
2 |
4 |
| Carnivores |
1 |
1 |
1 |
0 |
0 |
3 |
|
Shots
|
| Harfangs |
12 |
10 |
9 |
5 |
3 |
36 |
| Carnivores |
9 |
6 |
11 |
0 |
2 |
26 |
|
1st period
1. Harfangs , Lucas Wallmarkk 2 (Ryan Hartman 3, Tomas Kubalik 1) at 0:48
2. Carnivores , Chris Lawrence 2 (Nicolas Kerdiles 3) at 7:42
3. Harfangs , David Kampf 1 (Tyler Randell 5, Dylan Olsen 1) at 18:00
Penalties :
Blake Geoffrion (Bre) for Holding (Minor) at 7:59, Ilya Sorokin (BEA) for Slashing (Minor) at 15:44 - Tyler Randell served the penalty
2nd period
4. Carnivores , Nicolas Kerdiles 2 (Chris Lawrence 10) at 1:44
5. Harfangs , David Kampf 2 (Lucas Wallmarkk 2) at 6:58
Penalties :
Chris Lawrence (Bre) for Hooking (Minor) at 11:36, Mat Clark (Bre) for Interference (Minor) at 17:02
3rd period
6. Carnivores , Chris Lawrence 3 (Mat Clark 2, Scott Laughton 3) at 9:42 (PP)
Penalties :
Calle Jarnkrok (BEA) for Holding (Minor) at 7:55, Josh Morrissey (Bre) for Cross-checking (Minor) at 11:42, Mark McNeill (Bre) for Diving (Minor) at 14:45, Brett Connolly (Bre) for Charging (Minor) at 17:13
Overtime #1
No Goal
Penalties :
No Penalty
Shootout
Harfangs, Tyler Randell - Stopped by Niklas Svedberg
Carnivores, Joel Armia - Shot Misses the Net
Harfangs, Tyler Brenner - Goal!
Carnivores, Anton Gustafsson - Stopped by Ilya Sorokin
Harfangs, Calle Jarnkrok - Goal!
Penalties :
No Penalty
Goalie Stats
Ilya Sorokin (BEA), 23 saves from 26 shots - (0.885), W, 3-1-1, 65:00 minutes
Niklas Svedberg (Bre), 33 saves from 36 shots - (0.917), OTL, 2-1-1, 65:00 minutes
Players Stats for Harfangs
Player Name G A P +/- PIM S H SB GA TA FO MP PP MP PK MP
------------------------------------------------------------------------------------
A.J. Greer 0 0 0 -1 0 2 0 0 0 0 0/0 11:06 0:38 0:54
Calle Jarnkrok 0 0 0 0 2 4 2 0 1 0 16/33 20:58 6:15 0:19
David Kampf 2 0 2 0 0 4 0 0 0 0 3/5 10:45 0:10 0:52
Devon Teows 0 0 0 0 0 0 0 0 0 0 0/0 13:13 0:00 0:00
Dylan Olsen 0 1 1 0 0 2 6 3 3 0 0/0 30:25 6:31 2:28
Erik Nystrom 0 0 0 0 0 1 2 1 0 0 1/1 16:04 4:53 0:00
Ivan Provorov 0 0 0 1 0 1 1 0 0 0 0/0 20:59 5:23 1:18
Jake Dotchin 0 0 0 1 0 1 2 0 0 0 0/0 21:04 5:23 1:18
Lucas Wallmarkk 1 1 2 1 0 1 0 0 0 0 0/2 9:11 0:00 0:00
Michael Bournival 0 0 0 0 0 2 1 1 0 0 0/0 18:06 3:04 2:05
Morgan Klimchuk 0 0 0 2 0 1 1 0 0 1 1/1 9:59 0:00 0:04
Nick Sorensen 0 0 0 0 0 0 2 0 0 0 0/0 6:48 2:51 0:00
Reid McNeill 0 0 0 0 0 4 4 2 0 2 0/0 30:28 6:31 2:28
Rinat Valiev 0 0 0 0 0 0 1 0 0 0 0/0 13:51 0:00 0:00
Ryan Hartman 0 1 1 1 0 4 1 0 1 0 0/0 14:18 1:59 0:00
Sven Andrighetto 0 0 0 -1 0 1 0 0 1 0 2/3 12:14 0:08 1:35
Tomas Kubalik 0 1 1 0 0 2 0 0 0 0 0/0 16:33 4:53 0:29
Tyler Brenner 0 0 0 0 0 1 1 0 0 1 3/10 16:04 4:53 0:00
Tyler Randell 0 1 1 1 0 5 2 0 0 0 3/7 24:07 5:58 1:14
Players Stats for Carnivores
Player Name G A P +/- PIM S H SB GA TA FO MP PP MP PK MP
------------------------------------------------------------------------------------
Andreas Englund 0 0 0 1 0 0 2 1 0 0 0/0 22:59 0:00 5:30
Anton Gustafsson 0 0 0 -1 0 3 3 0 0 0 11/19 22:15 1:35 5:22
Blake Geoffrion 0 0 0 -1 2 4 1 1 0 0 0/0 17:32 2:08 0:00
Brett Connolly 0 0 0 -1 2 0 0 0 0 0 0/0 3:00 0:03 0:00
Chris Lawrence 2 1 3 2 2 5 4 1 0 1 1/1 18:36 2:08 0:00
Christian Djoos 0 0 0 0 0 1 0 1 0 1 0/0 7:31 0:00 1:56
Hunter Shinkaruk 0 0 0 0 0 1 0 0 1 0 0/0 6:06 0:00 0:23
Joel Armia 0 0 0 -1 0 0 1 0 0 0 0/0 14:50 1:35 0:00
Josh Morrissey 0 0 0 1 2 0 4 2 0 0 0/0 27:05 2:13 5:29
Lucas Wallmark 0 0 0 0 0 1 1 0 0 0 1/2 8:55 0:00 3:18
Mark McNeill 0 0 0 -2 2 0 1 1 0 0 0/0 9:56 0:03 0:00
Markus Granlund 0 0 0 -1 0 1 4 0 0 0 1/2 13:14 0:00 3:21
Mat Clark 0 1 1 0 2 0 2 4 0 1 0/0 19:23 2:13 5:13
Mattias Backman 0 0 0 0 0 0 0 0 0 0 0/0 9:47 0:00 0:10
Nicolas Deslauriers 0 0 0 -1 0 0 1 2 0 1 0/0 14:26 0:00 5:06
Nicolas Kerdiles 1 1 2 2 0 6 1 0 1 1 1/2 23:30 1:35 6:10
Riley Barber 0 0 0 -1 0 0 1 0 0 0 1/1 5:54 0:03 0:00
Scott Laughton 0 1 1 2 0 3 0 0 2 0 17/35 19:40 2:08 0:08
T.J Brodie 0 0 0 -2 0 1 2 1 0 0 0/0 22:02 1:33 5:30
Travis Dermott 0 0 0 -2 0 0 1 0 0 1 0/0 15:44 1:33 0:00
Trevor Van Riemsdyk 0 0 0 0 0 0 0 0 0 0 0/0 5:35 0:00 0:00
3 Stars
1 - Chris Lawrence (Bre)
2 - David Kampf (BEA)
3 - Nicolas Kerdiles (Bre)
Power Play
Harfangs - 0 on 6 Attempt(s) - 0.00%
Carnivores - 1 on 2 Attempt(s) - 50.00%
Penalty Kill
Harfangs - 1 on 2 Attempt(s) - 50.00%
- Score 0 goal in Penalty Kill
Carnivores - 6 on 6 Attempt(s) - 100.00%
- Score 0 goal in Penalty Kill
Team Stat
Harfangs - Hits : 26 - Faceoff Wins : 29 - Blocked Shots : 7 - Penalty Minutes : 4
Carnivores - Hits : 29 - Faceoff Wins : 33 - Blocked Shots : 14 - Penalty Minutes : 12
Official
Referees : Unknown
Linesman : Unknown
Game Notes
Michael Bournival is injured at 9:28 of 3rd period (Right Hand)
Finance
Level 1 -- Attendance: 1249 (62.45%) -- Ticket Income $49,960
Level 2 -- Attendance: 698 (69.80%) -- Ticket Income $13,960
Total Attendance: 1947 (64.90%)
Total Ticket Income: $63,920
Other Income: $3,196
Total Income: $67,116
Harfangs
5 vs 5 Forward
Center Left Wing Right Wing Time % Phy DF OF
1 Calle Jarnkrok Michael Bournival Tyler Randell 40 1 2 2
2 Tyler Brenner Erik Nystrom Tomas Kubalik 30 1 2 2
3 Lucas Wallmarkk Morgan Klimchuk Ryan Hartman 20 1 2 2
4 David Kampf A.J. Greer Sven Andrighetto 10 1 2 2
5 vs 5 Defense
Defense Defense Time % Phy DF OF
1 Dylan Olsen Reid McNeill 40 1 2 2
2 Jake Dotchin Ivan Provorov 30 1 2 2
3 Rinat Valiev Devon Teows 20 1 2 2
4 Dylan Olsen Reid McNeill 10 1 2 2
PowerPlay Forward
Center Left Wing Right Wing Time % Phy DF OF
1 Calle Jarnkrok Michael Bournival Tyler Randell 60 1 2 2
2 Tyler Brenner Erik Nystrom Tomas Kubalik 40 1 2 2
PowerPlay Defense
Defense Defense Time % Phy DF OF
1 Dylan Olsen Reid McNeill 60 1 2 2
2 Jake Dotchin Ivan Provorov 40 1 2 2
Penalty Kill 4 Players Forward
Center Wing Time % Phy DF OF
1 Tyler Randell Michael Bournival 60 1 2 2
2 Calle Jarnkrok Tomas Kubalik 40 1 2 2
Penalty Kill 4 Players Defense
Defense Defense Time % Phy DF OF
1 Dylan Olsen Reid McNeill 60 1 2 2
2 Jake Dotchin Ivan Provorov 40 1 2 2
Penalty Kill - 3 Players Forward
Forward Time % Phy DF OF
1 Tyler Randell 60 1 2 2
2 Michael Bournival 40 1 2 2
Penalty Kill - 3 Players Defense
Defense Defense Time % Phy DF OF
1 Dylan Olsen Reid McNeill 60 1 2 2
2 Jake Dotchin Ivan Provorov 40 1 2 2
4 vs 4 Forward
Center Wing Time % Phy DF OF
1 Tyler Randell Michael Bournival 60 1 2 2
2 Calle Jarnkrok Tomas Kubalik 40 1 2 2
4 vs 4 Defense
Defense Defense Time % Phy DF OF
1 Dylan Olsen Reid McNeill 60 1 2 2
2 Jake Dotchin Ivan Provorov 40 1 2 2
Last Minutes Offensive
Center Left Wing Right Wing Defense Defense
Calle Jarnkrok Michael Bournival Tyler Randell Dylan Olsen Reid McNeill
Last Minutes Defensive
Center Left Wing Right Wing Defense Defense
Calle Jarnkrok Michael Bournival Tyler Randell Dylan Olsen Reid McNeill
Goaltenders
Starting : Ilya Sorokin
Backup : Zachary Fucale
Extra Forwards
Normal : Nick Sorensen, Ryan Hartman, Sven Andrighetto - PP : Nick Sorensen, Ryan Hartman - PK : Sven Andrighetto
Extra Defensemen
Normal : Rinat Valiev, Devon Teows, Jake Dotchin - PP : Rinat Valiev - PK : Devon Teows, Jake Dotchin
Penalty Shots
Tyler Randell, Michael Bournival, Calle Jarnkrok, Tomas Kubalik, Tyler Brenner
Scratches
Cristoval Nieves (Healthy), Nick Shore (Healthy), JC Lipon (Healthy), Brenden Kichton (Healthy), Cooper Marody (Healthy)
Blake Heinrich (Healthy), Laurent Dauphin (Healthy), Mark Alt (Healthy), Brendan Leipsic (Healthy), Brandon McMillan (Healthy)
Justin Kirkland (Healthy), Victor Bartley (Healthy), Anthony Angello (Healthy), Anton Forsberg (Healthy), Jason Kasdorf (Healthy)
Scott Wedgewood (Healthy)
Carnivores
5 vs 5 Forward
Center Left Wing Right Wing Time % Phy DF OF
1 Scott Laughton Nicolas Kerdiles Chris Lawrence 40 1 2 2
2 Anton Gustafsson Blake Geoffrion Joel Armia 30 1 2 2
3 Markus Granlund Nicolas Deslauriers Mark McNeill 20 1 2 2
4 Lucas Wallmark Hunter Shinkaruk Riley Barber 10 1 2 2
5 vs 5 Defense
Defense Defense Time % Phy DF OF
1 Andreas Englund Josh Morrissey 40 1 2 2
2 T.J Brodie Travis Dermott 30 1 2 2
3 Mat Clark Mattias Backman 20 1 2 2
4 Christian Djoos Trevor Van Riemsdyk 10 1 2 2
PowerPlay Forward
Center Left Wing Right Wing Time % Phy DF OF
1 Scott Laughton Blake Geoffrion Chris Lawrence 60 1 1 3
2 Anton Gustafsson Nicolas Kerdiles Joel Armia 40 1 2 2
PowerPlay Defense
Defense Defense Time % Phy DF OF
1 Mat Clark Josh Morrissey 60 1 2 2
2 T.J Brodie Travis Dermott 40 1 1 3
Penalty Kill 4 Players Forward
Center Wing Time % Phy DF OF
1 Anton Gustafsson Nicolas Kerdiles 60 1 2 2
2 Markus Granlund Nicolas Deslauriers 40 1 2 2
Penalty Kill 4 Players Defense
Defense Defense Time % Phy DF OF
1 Mat Clark Josh Morrissey 60 1 3 1
2 Andreas Englund T.J Brodie 40 1 3 1
Penalty Kill - 3 Players Forward
Forward Time % Phy DF OF
1 Anton Gustafsson 60 1 3 1
2 Mark McNeill 40 1 3 1
Penalty Kill - 3 Players Defense
Defense Defense Time % Phy DF OF
1 Mat Clark Josh Morrissey 60 1 3 1
2 Andreas Englund T.J Brodie 40 1 3 1
4 vs 4 Forward
Center Wing Time % Phy DF OF
1 Scott Laughton Blake Geoffrion 60 1 2 2
2 Anton Gustafsson Chris Lawrence 40 1 2 2
4 vs 4 Defense
Defense Defense Time % Phy DF OF
1 Mat Clark Josh Morrissey 60 1 2 2
2 T.J Brodie Travis Dermott 40 1 2 2
Last Minutes Offensive
Center Left Wing Right Wing Defense Defense
Scott Laughton Blake Geoffrion Chris Lawrence Mat Clark Josh Morrissey
Last Minutes Defensive
Center Left Wing Right Wing Defense Defense
Markus Granlund Nicolas Kerdiles Mark McNeill Josh Morrissey Travis Dermott
Goaltenders
Starting : Niklas Svedberg
Backup : Tristan Jarry
Extra Forwards
Normal : Brett Connolly, Markus Granlund, Mark McNeill - PP : Brett Connolly, Riley Barber - PK : Lucas Wallmark
Extra Defensemen
Normal : Travis Dermott, Mattias Backman, Trevor Van Riemsdyk - PP : Mattias Backman - PK : Christian Djoos, Mattias Backman
Penalty Shots
Joel Armia, Anton Gustafsson, Blake Geoffrion, Chris Lawrence, Scott Laughton
Scratches
Ryan Olsen (Healthy), Freddie Hamilton (Healthy), Adam Almquist (Healthy), Sergei Zborovskiy (Healthy), Filip Chlapik (Healthy)
Stanislav Galiev (Healthy), Mark MacMillan (Healthy), Carl Dahlstrom (Healthy), Troy Bourke (Healthy), Alexandre Mallet (Healthy)
Josh Wesley (Healthy), Linus Ullmark (Healthy), Felix Sanstrom (Healthy)
% Time on Ice - Harfangs
Lines # - Real PCT - Wanted PCT - Time Play
Normal Forward
1 - 36% - 40% - 15:54
2 - 25% - 30% - 11:11
3 - 21% - 20% - 9:11
4 - 18% - 10% - 8:04
Normal Defense
1 - 40% - 40% - 17:42
2 - 28% - 30% - 12:21
3 - 29% - 20% - 13:02
4 - 3% - 10% - 1:15
PP Forward
1 - 59% - 60% - 7:01
2 - 41% - 40% - 4:53
PP Defense
1 - 55% - 60% - 6:31
2 - 45% - 40% - 5:23
PK Forward
1 - 87% - 60% - 3:17
2 - 13% - 40% - 0:29
PK Defense
1 - 65% - 60% - 2:28
2 - 35% - 40% - 1:18
PK3 Forward
1 - 0% - 60%
2 - 0% - 40%
PK3 Defense
1 - 0% - 60%
2 - 0% - 40%
44 Forward
1 - 100% - 60% - 5:00
2 - 0% - 40% - 0:00
44 Defense
1 - 56% - 60% - 2:47
2 - 44% - 40% - 2:13
Last Minute Offensive - 0:00
Last Minute Defensive - 0:00
Total
Forward - 65:00
Defense - 65:00
|
% Time on Ice - Carnivores
Lines # - Real PCT - Wanted PCT - Time Play
Normal Forward
1 - 38% - 40% - 16:46
2 - 30% - 30% - 13:15
3 - 20% - 20% - 8:45
4 - 13% - 10% - 5:34
Normal Defense
1 - 40% - 40% - 17:35
2 - 29% - 30% - 13:02
3 - 20% - 20% - 8:46
4 - 11% - 10% - 4:57
PP Forward
1 - 58% - 60% - 2:11
2 - 42% - 40% - 1:35
PP Defense
1 - 59% - 60% - 2:13
2 - 41% - 40% - 1:33
PK Forward
1 - 72% - 60% - 8:33
2 - 28% - 40% - 3:21
PK Defense
1 - 54% - 60% - 6:24
2 - 46% - 40% - 5:30
PK3 Forward
1 - 0% - 60%
2 - 0% - 40%
PK3 Defense
1 - 0% - 60%
2 - 0% - 40%
44 Forward
1 - 76% - 60% - 3:47
2 - 24% - 40% - 1:13
44 Defense
1 - 61% - 60% - 3:03
2 - 39% - 40% - 1:57
Last Minute Offensive - 0:00
Last Minute Defensive - 0:00
Total
Forward - 65:00
Defense - 65:00
|
Play-by-Play
1st period
0:01 of 1st period - Calle Jarnkrok wins face-off versus Scott Laughton in neutral zone.
0:09 of 1st period - Snap shot by Calle Jarnkrok.
0:09 of 1st period - Shot Misses the Net.
0:11 of 1st period - Slapshot by Dylan Olsen.
0:11 of 1st period - Shot Misses the Net.
0:13 of 1st period - Backhand shot by Dylan Olsen.
0:13 of 1st period - Shot Blocked by Josh Morrissey.
0:15 of 1st period - Snap shot by Michael Bournival.
0:15 of 1st period - Shot Blocked by Chris Lawrence.
0:46 of 1st period - Wrist shot by Ryan Hartman.
0:46 of 1st period - Stopped by Niklas Svedberg with a rebound.
0:48 of 1st period - Snap shot by Lucas Wallmarkk.
0:48 of 1st period - Goal by Lucas Wallmarkk - Harfangs : 1 - Carnivores : 0.
0:49 of 1st period - David Kampf wins face-off versus Lucas Wallmark in neutral zone.
0:52 of 1st period - Snap shot by David Kampf.
0:52 of 1st period - Stopped by Niklas Svedberg with a rebound.
1:04 of 1st period - Snap shot by Hunter Shinkaruk.
1:04 of 1st period - Deflect By Lucas Wallmark.
1:04 of 1st period - Stopped by Ilya Sorokin with a rebound.
1:53 of 1st period - Blake Geoffrion is hit by Tyler Brenner and loses puck.
2:15 of 1st period - Off-side.
2:16 of 1st period - David Kampf wins face-off versus Scott Laughton in neutral zone.
3:50 of 1st period - Snap shot by Sven Andrighetto.
3:50 of 1st period - Shot Misses the Net.
4:34 of 1st period - Tomas Kubalik is hit by Anton Gustafsson and loses puck.
5:11 of 1st period - David Kampf is hit by Josh Morrissey and loses puck.
5:44 of 1st period - Michael Bournival is hit by Joel Armia and loses puck.
6:01 of 1st period - Wrist shot by Nicolas Deslauriers.
6:01 of 1st period - Shot Misses the Net.
6:03 of 1st period - Slapshot by Christian Djoos.
6:03 of 1st period - Stopped by Ilya Sorokin without a rebound.
6:04 of 1st period - Nicolas Kerdiles wins face-off versus Tyler Brenner in Harfangs zone.
6:05 of 1st period - Wrist shot by Chris Lawrence.
6:05 of 1st period - Shot Misses the Net.
6:26 of 1st period - Icing by Scott Laughton.
6:27 of 1st period - Calle Jarnkrok wins face-off versus Anton Gustafsson in Carnivores zone.
7:42 of 1st period - Snap shot by Chris Lawrence.
7:42 of 1st period - Goal by Chris Lawrence - Harfangs : 1 - Carnivores : 1.
7:43 of 1st period - Calle Jarnkrok wins face-off versus Markus Granlund in neutral zone.
7:54 of 1st period - Wrist shot by Michael Bournival.
7:54 of 1st period - Shot Hit the Post.
7:56 of 1st period - Snap shot by Tyler Randell.
7:56 of 1st period - Deflect By Calle Jarnkrok.
7:56 of 1st period - Stopped by Niklas Svedberg without a rebound.
7:57 of 1st period - Anton Gustafsson wins face-off versus Calle Jarnkrok in Carnivores zone.
7:59 of 1st period - Minor Penalty to Blake Geoffrion for Holding.
8:00 of 1st period - Anton Gustafsson wins face-off versus Calle Jarnkrok in Carnivores zone.
8:00 of 1st period - Anton Gustafsson is hit by Dylan Olsen.
8:11 of 1st period - Wrist shot by Michael Bournival.
8:11 of 1st period - Shot Misses the Net.
8:13 of 1st period - Wrist shot by Michael Bournival.
8:13 of 1st period - Shot Misses the Net.
8:15 of 1st period - Snap shot by Michael Bournival.
8:15 of 1st period - Shot Blocked by Mat Clark.
8:27 of 1st period - Snap shot by Tomas Kubalik.
8:27 of 1st period - Stopped by Niklas Svedberg with a rebound.
8:53 of 1st period - Andreas Englund is hit by Tyler Randell and loses puck.
9:42 of 1st period - Jake Dotchin is hit by Andreas Englund and loses puck.
9:59 of 1st period - Penalty to Blake Geoffrion is over, Blake Geoffrion is back on ice.
10:09 of 1st period - Slapshot by Ryan Hartman.
10:09 of 1st period - Deflect By Lucas Wallmarkk.
10:09 of 1st period - Shot Misses the Net.
10:09 of 1st period - Puck is out of play.
10:10 of 1st period - Anton Gustafsson wins face-off versus Lucas Wallmarkk in Carnivores zone.
10:29 of 1st period - Wrist shot by Morgan Klimchuk.
10:29 of 1st period - Shot Misses the Net.
10:31 of 1st period - Slapshot by Ryan Hartman.
10:31 of 1st period - Stopped by Niklas Svedberg with a rebound.
10:33 of 1st period - Wrist shot by Rinat Valiev.
10:33 of 1st period - Shot Blocked by Christian Djoos.
10:35 of 1st period - Wrist shot by Ryan Hartman.
10:35 of 1st period - Stopped by Niklas Svedberg with a rebound.
10:37 of 1st period - Slapshot by Devon Teows.
10:37 of 1st period - Shot Misses the Net.
10:43 of 1st period - Slapshot by Morgan Klimchuk.
10:43 of 1st period - Shot Blocked by Nicolas Deslauriers.
10:45 of 1st period - Snap shot by Rinat Valiev.
10:45 of 1st period - Shot Misses the Net.
10:55 of 1st period - Snap shot by Morgan Klimchuk.
10:55 of 1st period - Shot Misses the Net.
11:04 of 1st period - Off-side.
11:05 of 1st period - Calle Jarnkrok wins face-off versus Scott Laughton in neutral zone.
11:16 of 1st period - Wrist shot by Chris Lawrence.
11:16 of 1st period - Shot Misses the Net.
11:18 of 1st period - Snap shot by Nicolas Kerdiles.
11:18 of 1st period - Stopped by Ilya Sorokin with a rebound.
11:30 of 1st period - Anton Gustafsson is hit by Reid McNeill and loses puck.
11:39 of 1st period - Dylan Olsen is hit by Anton Gustafsson.
12:02 of 1st period - Snap shot by David Kampf.
12:02 of 1st period - Deflect By Josh Morrissey.
12:02 of 1st period - Stopped by Niklas Svedberg without a rebound.
12:03 of 1st period - Scott Laughton wins face-off versus David Kampf in Carnivores zone.
12:16 of 1st period - Wrist shot by Scott Laughton.
12:16 of 1st period - Stopped by Ilya Sorokin with a rebound.
12:18 of 1st period - Snap shot by Chris Lawrence.
12:18 of 1st period - Shot Misses the Net.
12:30 of 1st period - Travis Dermott is hit by Michael Bournival and loses puck.
12:37 of 1st period - Snap shot by Tyler Randell.
12:37 of 1st period - Stopped by Niklas Svedberg without a rebound.
12:38 of 1st period - Scott Laughton wins face-off versus Tyler Brenner in Carnivores zone.
12:38 of 1st period - Scott Laughton is hit by Rinat Valiev.
12:54 of 1st period - Snap shot by Chris Lawrence.
12:54 of 1st period - Shot Misses the Net.
13:40 of 1st period - Snap shot by Ryan Hartman.
13:40 of 1st period - Stopped by Niklas Svedberg with a rebound.
14:30 of 1st period - Wrist shot by Tyler Randell.
14:30 of 1st period - Shot Blocked by Mat Clark.
14:32 of 1st period - Slapshot by Reid McNeill.
14:32 of 1st period - Shot Blocked by Blake Geoffrion.
14:34 of 1st period - Slapshot by Dylan Olsen.
14:34 of 1st period - Stopped by Niklas Svedberg without a rebound.
14:35 of 1st period - Scott Laughton wins face-off versus Calle Jarnkrok in Carnivores zone.
14:46 of 1st period - Snap shot by Nicolas Kerdiles.
14:46 of 1st period - Shot Blocked by Michael Bournival.
15:44 of 1st period - Snap shot by Hunter Shinkaruk.
15:44 of 1st period - Stopped by Ilya Sorokin without a rebound.
15:44 of 1st period - Minor Penalty to Ilya Sorokin for Slashing.
15:45 of 1st period - Scott Laughton wins face-off versus Sven Andrighetto in Harfangs zone.
15:48 of 1st period - Backhand shot by Blake Geoffrion.
15:48 of 1st period - Deflect By Scott Laughton.
15:48 of 1st period - Shot Misses the Net.
15:48 of 1st period - Puck is out of play.
15:49 of 1st period - Sven Andrighetto wins face-off versus Scott Laughton in Harfangs zone.
17:14 of 1st period - T.J Brodie is hit by Dylan Olsen and loses puck.
17:44 of 1st period - Penalty to Tyler Randell is over, Tyler Randell is back on ice.
17:45 of 1st period - Wrist shot by Tyler Randell.
17:45 of 1st period - Shot Misses the Net.
17:47 of 1st period - Snap shot by Tyler Randell.
17:47 of 1st period - Shot Misses the Net.
17:58 of 1st period - Wrist shot by Tyler Randell.
17:58 of 1st period - Shot Blocked by T.J Brodie.
18:00 of 1st period - Snap shot by David Kampf.
18:00 of 1st period - Goal by David Kampf - Harfangs : 2 - Carnivores : 1.
18:01 of 1st period - Calle Jarnkrok wins face-off versus Scott Laughton in neutral zone.
18:57 of 1st period - Snap shot by Anton Gustafsson.
18:57 of 1st period - Shot Blocked by Erik Nystrom.
18:59 of 1st period - Snap shot by Blake Geoffrion.
18:59 of 1st period - Stopped by Ilya Sorokin with a rebound.
19:01 of 1st period - Snap shot by Blake Geoffrion.
19:01 of 1st period - Stopped by Ilya Sorokin with a rebound.
19:11 of 1st period - Tomas Kubalik is hit by Mat Clark and loses puck.
19:36 of 1st period - Slapshot by Scott Laughton.
19:36 of 1st period - Stopped by Ilya Sorokin without a rebound.
19:37 of 1st period - Morgan Klimchuk wins face-off versus Scott Laughton in Harfangs zone.
Goals for this period are 2 for Harfangs vs 1 for Carnivores.
Shots for this period are 12 for Harfangs vs 9 for Carnivores.
2nd period
0:01 of 2nd period - Scott Laughton wins face-off versus Calle Jarnkrok in neutral zone.
0:12 of 2nd period - Snap shot by Scott Laughton.
0:12 of 2nd period - Stopped by Ilya Sorokin without a rebound.
0:13 of 2nd period - Calle Jarnkrok wins face-off versus Scott Laughton in Harfangs zone.
0:22 of 2nd period - Wrist shot by Tyler Randell.
0:22 of 2nd period - Shot Blocked by Andreas Englund.
0:24 of 2nd period - Wrist shot by Calle Jarnkrok.
0:24 of 2nd period - Stopped by Niklas Svedberg with a rebound.
1:37 of 2nd period - Dylan Olsen is hit by Chris Lawrence and loses puck.
1:42 of 2nd period - Wrist shot by Chris Lawrence.
1:42 of 2nd period - Shot Misses the Net.
1:44 of 2nd period - Snap shot by Nicolas Kerdiles.
1:44 of 2nd period - Goal by Nicolas Kerdiles - Harfangs : 2 - Carnivores : 2.
1:45 of 2nd period - Scott Laughton wins face-off versus Calle Jarnkrok in neutral zone.
2:34 of 2nd period - Reid McNeill is hit by Mark McNeill and loses puck.
2:57 of 2nd period - Wrist shot by Lucas Wallmark.
2:57 of 2nd period - Shot Misses the Net.
2:59 of 2nd period - Snap shot by Lucas Wallmark.
2:59 of 2nd period - Shot Misses the Net.
3:17 of 2nd period - Slapshot by Chris Lawrence.
3:17 of 2nd period - Shot Misses the Net.
4:23 of 2nd period - Off-side.
4:24 of 2nd period - Anton Gustafsson wins face-off versus Tyler Randell in neutral zone.
4:33 of 2nd period - Wrist shot by Anton Gustafsson.
4:33 of 2nd period - Stopped by Ilya Sorokin without a rebound.
4:34 of 2nd period - Calle Jarnkrok wins face-off versus Anton Gustafsson in Harfangs zone.
5:24 of 2nd period - Off-side.
5:25 of 2nd period - Scott Laughton wins face-off versus Tyler Brenner in neutral zone.
5:33 of 2nd period - Slapshot by Dylan Olsen.
5:33 of 2nd period - Deflect By Erik Nystrom.
5:33 of 2nd period - Shot Misses the Net.
5:33 of 2nd period - Puck is out of play.
5:34 of 2nd period - Tyler Brenner wins face-off versus Scott Laughton in Carnivores zone.
5:35 of 2nd period - Slapshot by Tomas Kubalik.
5:35 of 2nd period - Stopped by Niklas Svedberg without a rebound.
5:36 of 2nd period - Scott Laughton wins face-off versus Tyler Brenner in Carnivores zone.
5:47 of 2nd period - Wrist shot by Nicolas Kerdiles.
5:47 of 2nd period - Shot Misses the Net.
6:01 of 2nd period - Andreas Englund is hit by Dylan Olsen and loses puck.
6:06 of 2nd period - Snap shot by Tyler Randell.
6:06 of 2nd period - Stopped by Niklas Svedberg with a rebound.
6:08 of 2nd period - Slapshot by Ivan Provorov.
6:08 of 2nd period - Deflect By Anton Gustafsson.
6:08 of 2nd period - Stopped by Niklas Svedberg with a rebound.
6:10 of 2nd period - Snap shot by Calle Jarnkrok.
6:10 of 2nd period - Stopped by Niklas Svedberg without a rebound.
6:11 of 2nd period - Scott Laughton wins face-off versus Calle Jarnkrok in Carnivores zone.
6:24 of 2nd period - Snap shot by Scott Laughton.
6:24 of 2nd period - Shot Misses the Net.
6:58 of 2nd period - Snap shot by David Kampf.
6:58 of 2nd period - Goal by David Kampf - Harfangs : 3 - Carnivores : 2.
6:59 of 2nd period - Calle Jarnkrok wins face-off versus Scott Laughton in neutral zone.
7:04 of 2nd period - Nicolas Kerdiles is hit by Tyler Randell and loses puck.
7:25 of 2nd period - Anton Gustafsson is hit by Dylan Olsen and loses puck.
7:44 of 2nd period - Wrist shot by Sven Andrighetto.
7:44 of 2nd period - Shot Hit the Post.
7:48 of 2nd period - Slapshot by David Kampf.
7:48 of 2nd period - Shot Blocked by Mark McNeill.
7:50 of 2nd period - Wrist shot by David Kampf.
7:50 of 2nd period - Shot Misses the Net.
7:52 of 2nd period - Wrist shot by Sven Andrighetto.
7:52 of 2nd period - Stopped by Niklas Svedberg without a rebound.
7:53 of 2nd period - Scott Laughton wins face-off versus Calle Jarnkrok in Carnivores zone.
7:53 of 2nd period - Scott Laughton is hit by Calle Jarnkrok.
8:23 of 2nd period - Dylan Olsen is hit by Nicolas Deslauriers and loses puck.
9:04 of 2nd period - Riley Barber is hit by Ivan Provorov and loses puck.
9:17 of 2nd period - Devon Teows is hit by Chris Lawrence and loses puck.
9:38 of 2nd period - Snap shot by Markus Granlund.
9:38 of 2nd period - Shot Misses the Net.
9:40 of 2nd period - Snap shot by T.J Brodie.
9:40 of 2nd period - Stopped by Ilya Sorokin without a rebound.
9:41 of 2nd period - Scott Laughton wins face-off versus Calle Jarnkrok in Harfangs zone.
9:44 of 2nd period - Wrist shot by Chris Lawrence.
9:44 of 2nd period - Stopped by Ilya Sorokin with a rebound.
10:08 of 2nd period - Blake Geoffrion is hit by Erik Nystrom and loses puck.
10:51 of 2nd period - Wrist shot by A.J. Greer.
10:51 of 2nd period - Stopped by Niklas Svedberg with a rebound.
11:15 of 2nd period - Snap shot by Tyler Randell.
11:15 of 2nd period - Stopped by Niklas Svedberg without a rebound.
11:16 of 2nd period - Calle Jarnkrok wins face-off versus Scott Laughton in Carnivores zone.
11:21 of 2nd period - Snap shot by Calle Jarnkrok.
11:21 of 2nd period - Stopped by Niklas Svedberg with a rebound.
11:36 of 2nd period - Minor Penalty to Chris Lawrence for Hooking.
11:37 of 2nd period - Anton Gustafsson wins face-off versus Calle Jarnkrok in Carnivores zone.
11:45 of 2nd period - Anton Gustafsson is hit by Calle Jarnkrok and loses puck.
12:22 of 2nd period - Slapshot by T.J Brodie.
12:22 of 2nd period - Shot Blocked by Reid McNeill.
12:30 of 2nd period - Michael Bournival is hit by Markus Granlund and loses puck.
12:49 of 2nd period - Slapshot by Tomas Kubalik.
12:49 of 2nd period - Shot Misses the Net.
13:36 of 2nd period - Penalty to Chris Lawrence is over, Chris Lawrence is back on ice.
14:42 of 2nd period - Nicolas Kerdiles is hit by Jake Dotchin and loses puck.
15:07 of 2nd period - Ivan Provorov is hit by Riley Barber and loses puck.
15:48 of 2nd period - Chris Lawrence is hit by Morgan Klimchuk and loses puck.
16:11 of 2nd period - Snap shot by Tyler Randell.
16:11 of 2nd period - Shot Misses the Net.
17:02 of 2nd period - Minor Penalty to Mat Clark for Interference.
17:03 of 2nd period - Anton Gustafsson wins face-off versus Calle Jarnkrok in Carnivores zone.
19:02 of 2nd period - Penalty to Mat Clark is over, Mat Clark is back on ice.
19:06 of 2nd period - Mat Clark is hit by Reid McNeill.
19:28 of 2nd period - Reid McNeill is hit by Travis Dermott and loses puck.
19:35 of 2nd period - Ryan Hartman is hit by Nicolas Kerdiles and loses puck.
19:42 of 2nd period - Ryan Hartman is hit by Anton Gustafsson.
19:48 of 2nd period - Ryan Hartman is hit by T.J Brodie and loses puck.
19:55 of 2nd period - Snap shot by Nicolas Kerdiles.
19:55 of 2nd period - Stopped by Ilya Sorokin without a rebound.
19:56 of 2nd period - Lucas Wallmark wins face-off versus Tyler Brenner in Harfangs zone.
Goals for this period are 1 for Harfangs vs 1 for Carnivores.
Shots for this period are 10 for Harfangs vs 6 for Carnivores.
3rd period
0:01 of 3rd period - Scott Laughton wins face-off versus Calle Jarnkrok in neutral zone.
0:12 of 3rd period - Snap shot by Michael Bournival.
0:12 of 3rd period - Stopped by Niklas Svedberg with a rebound.
0:14 of 3rd period - Wrist shot by Michael Bournival.
0:14 of 3rd period - Stopped by Niklas Svedberg without a rebound.
0:15 of 3rd period - Erik Nystrom wins face-off versus Anton Gustafsson in Carnivores zone.
0:22 of 3rd period - Snap shot by Tyler Brenner.
0:22 of 3rd period - Stopped by Niklas Svedberg without a rebound.
0:23 of 3rd period - Tyler Brenner wins face-off versus Anton Gustafsson in Carnivores zone.
0:30 of 3rd period - Snap shot by Tyler Brenner.
0:30 of 3rd period - Shot Misses the Net.
0:32 of 3rd period - Slapshot by Reid McNeill.
0:32 of 3rd period - Shot Misses the Net.
0:34 of 3rd period - Snap shot by Reid McNeill.
0:34 of 3rd period - Stopped by Niklas Svedberg with a rebound.
0:36 of 3rd period - Snap shot by Erik Nystrom.
0:36 of 3rd period - Stopped by Niklas Svedberg without a rebound.
0:37 of 3rd period - Calle Jarnkrok wins face-off versus Scott Laughton in Carnivores zone.
1:18 of 3rd period - Slapshot by Anton Gustafsson.
1:18 of 3rd period - Stopped by Ilya Sorokin with a rebound.
1:55 of 3rd period - A.J. Greer is hit by Lucas Wallmark and loses puck.
2:14 of 3rd period - Erik Nystrom is hit by T.J Brodie and loses puck.
2:59 of 3rd period - Backhand shot by Morgan Klimchuk.
2:59 of 3rd period - Shot Blocked by Nicolas Deslauriers.
3:01 of 3rd period - Slapshot by Reid McNeill.
3:01 of 3rd period - Stopped by Niklas Svedberg with a rebound.
3:19 of 3rd period - Snap shot by Morgan Klimchuk.
3:19 of 3rd period - Stopped by Niklas Svedberg without a rebound.
3:20 of 3rd period - Riley Barber wins face-off versus David Kampf in Carnivores zone.
3:46 of 3rd period - Snap shot by Chris Lawrence.
3:46 of 3rd period - Stopped by Ilya Sorokin with a rebound.
4:12 of 3rd period - Snap shot by Blake Geoffrion.
4:12 of 3rd period - Shot Misses the Net.
4:17 of 3rd period - Off-side.
4:18 of 3rd period - Anton Gustafsson wins face-off versus Calle Jarnkrok in neutral zone.
4:21 of 3rd period - Snap shot by Blake Geoffrion.
4:21 of 3rd period - Stopped by Ilya Sorokin without a rebound.
4:22 of 3rd period - Anton Gustafsson wins face-off versus Calle Jarnkrok in Harfangs zone.
4:27 of 3rd period - Slapshot by Blake Geoffrion.
4:27 of 3rd period - Shot Hit the Post.
4:53 of 3rd period - Slapshot by Nicolas Kerdiles.
4:53 of 3rd period - Shot Misses the Net.
4:55 of 3rd period - Wrist shot by Nicolas Kerdiles.
4:55 of 3rd period - Stopped by Ilya Sorokin without a rebound.
4:56 of 3rd period - Chris Lawrence wins face-off versus Calle Jarnkrok in Harfangs zone.
5:05 of 3rd period - Snap shot by Calle Jarnkrok.
5:05 of 3rd period - Shot Misses the Net.
5:11 of 3rd period - Slapshot by Tyler Randell.
5:11 of 3rd period - Stopped by Niklas Svedberg with a rebound.
5:23 of 3rd period - Tyler Brenner is hit by Josh Morrissey and loses puck.
5:50 of 3rd period - Reid McNeill is hit by Markus Granlund and loses puck.
6:32 of 3rd period - Snap shot by Markus Granlund.
6:32 of 3rd period - Stopped by Ilya Sorokin without a rebound.
6:33 of 3rd period - Calle Jarnkrok wins face-off versus Nicolas Kerdiles in Harfangs zone.
7:00 of 3rd period - Joel Armia is hit by Erik Nystrom and loses puck.
7:07 of 3rd period - Snap shot by Joel Armia.
7:07 of 3rd period - Shot Misses the Net.
7:42 of 3rd period - Wrist shot by Blake Geoffrion.
7:42 of 3rd period - Stopped by Ilya Sorokin with a rebound.
7:55 of 3rd period - Minor Penalty to Calle Jarnkrok for Holding.
7:56 of 3rd period - Scott Laughton wins face-off versus Tyler Randell in Harfangs zone.
9:03 of 3rd period - Icing by Scott Laughton.
9:04 of 3rd period - David Kampf wins face-off versus Scott Laughton in Carnivores zone.
9:17 of 3rd period - Wrist shot by Nicolas Kerdiles.
9:17 of 3rd period - Deflect By Anton Gustafsson.
9:17 of 3rd period - Shot Misses the Net.
9:17 of 3rd period - Puck is out of play.
9:18 of 3rd period - Sven Andrighetto wins face-off versus Anton Gustafsson in Harfangs zone.
9:27 of 3rd period - Michael Bournival is hit by Mat Clark and loses puck.
9:28 of 3rd period - Michael Bournival from Harfangs is injured at 9:28 of 3rd period (Right Hand).
9:29 of 3rd period - Scott Laughton wins face-off versus Tyler Randell in Harfangs zone.
9:42 of 3rd period - Wrist shot by Chris Lawrence.
9:42 of 3rd period - Goal by Chris Lawrence - Harfangs : 3 - Carnivores : 3.
9:43 of 3rd period - Calle Jarnkrok wins face-off versus Scott Laughton in neutral zone.
9:53 of 3rd period - Wrist shot by Nicolas Kerdiles.
9:53 of 3rd period - Stopped by Ilya Sorokin without a rebound.
9:54 of 3rd period - Calle Jarnkrok wins face-off versus Scott Laughton in Harfangs zone.
9:54 of 3rd period - Calle Jarnkrok is hit by Andreas Englund.
10:10 of 3rd period - Snap shot by Chris Lawrence.
10:10 of 3rd period - Deflect By Nicolas Kerdiles.
10:10 of 3rd period - Stopped by Ilya Sorokin without a rebound.
10:11 of 3rd period - Tyler Brenner wins face-off versus Anton Gustafsson in Harfangs zone.
11:19 of 3rd period - Snap shot by Ryan Hartman.
11:19 of 3rd period - Deflect By Lucas Wallmarkk.
11:19 of 3rd period - Shot Misses the Net.
11:19 of 3rd period - Puck is out of play.
11:20 of 3rd period - Scott Laughton wins face-off versus Calle Jarnkrok in Carnivores zone.
11:42 of 3rd period - Minor Penalty to Josh Morrissey for Cross-checking.
11:43 of 3rd period - Anton Gustafsson wins face-off versus Calle Jarnkrok in Carnivores zone.
11:43 of 3rd period - Anton Gustafsson is hit by Jake Dotchin.
11:53 of 3rd period - Wrist shot by Calle Jarnkrok.
11:53 of 3rd period - Shot Misses the Net.
13:42 of 3rd period - Penalty to Josh Morrissey is over, Josh Morrissey is back on ice.
13:56 of 3rd period - Nicolas Kerdiles is hit by Dylan Olsen and loses puck.
14:12 of 3rd period - Off-side.
14:13 of 3rd period - Anton Gustafsson wins face-off versus Lucas Wallmarkk in neutral zone.
14:18 of 3rd period - Snap shot by Anton Gustafsson.
14:18 of 3rd period - Stopped by Ilya Sorokin without a rebound.
14:19 of 3rd period - Markus Granlund wins face-off versus Tyler Brenner in Harfangs zone.
14:20 of 3rd period - Snap shot by Mark McNeill.
14:20 of 3rd period - Shot Misses the Net.
14:36 of 3rd period - Tyler Brenner is hit by Markus Granlund and loses puck.
14:45 of 3rd period - Minor Penalty to Mark McNeill for Diving.
14:46 of 3rd period - Calle Jarnkrok wins face-off versus Anton Gustafsson in Carnivores zone.
14:47 of 3rd period - Wrist shot by Tyler Randell.
14:47 of 3rd period - Stopped by Niklas Svedberg without a rebound.
14:48 of 3rd period - Calle Jarnkrok wins face-off versus Anton Gustafsson in Carnivores zone.
15:39 of 3rd period - Anton Gustafsson is hit by Nick Sorensen and loses puck.
16:32 of 3rd period - Markus Granlund is hit by Ryan Hartman and loses puck.
16:45 of 3rd period - Penalty to Mark McNeill is over, Mark McNeill is back on ice.
17:07 of 3rd period - Slapshot by Rinat Valiev.
17:07 of 3rd period - Shot Misses the Net.
17:13 of 3rd period - Minor Penalty to Brett Connolly for Charging.
17:14 of 3rd period - Anton Gustafsson wins face-off versus Tyler Brenner in Carnivores zone.
17:53 of 3rd period - Slapshot by Calle Jarnkrok.
17:53 of 3rd period - Shot Blocked by Josh Morrissey.
19:06 of 3rd period - Lucas Wallmark is hit by Reid McNeill and loses puck.
19:13 of 3rd period - Penalty to Brett Connolly is over, Brett Connolly is back on ice.
19:17 of 3rd period - Snap shot by Anton Gustafsson.
19:17 of 3rd period - Shot Blocked by Dylan Olsen.
19:19 of 3rd period - Slapshot by Mattias Backman.
19:19 of 3rd period - Deflect By Anton Gustafsson.
19:19 of 3rd period - Shot Blocked by Dylan Olsen.
19:19 of 3rd period - Puck is out of play.
19:20 of 3rd period - Calle Jarnkrok wins face-off versus Scott Laughton in Harfangs zone.
19:20 of 3rd period - Calle Jarnkrok is hit by Chris Lawrence.
19:34 of 3rd period - Snap shot by Chris Lawrence.
19:34 of 3rd period - Stopped by Ilya Sorokin with a rebound.
19:51 of 3rd period - Icing by Rinat Valiev.
19:52 of 3rd period - Scott Laughton wins face-off versus Calle Jarnkrok in Harfangs zone.
Goals for this period are 0 for Harfangs vs 1 for Carnivores.
Shots for this period are 9 for Harfangs vs 11 for Carnivores.
Overtime #1
0:01 of 1st overtime period - Tyler Randell wins face-off versus Scott Laughton in neutral zone.
0:03 of 1st overtime period - Off-side.
0:04 of 1st overtime period - Tyler Randell wins face-off versus Scott Laughton in neutral zone.
0:26 of 1st overtime period - Mat Clark is hit by Dylan Olsen and loses puck.
0:35 of 1st overtime period - Wrist shot by Blake Geoffrion.
0:35 of 1st overtime period - Deflect By Scott Laughton.
0:35 of 1st overtime period - Shot Blocked by Reid McNeill.
0:35 of 1st overtime period - Puck is out of play.
0:36 of 1st overtime period - Tyler Randell wins face-off versus Scott Laughton in Harfangs zone.
0:41 of 1st overtime period - Slapshot by Jake Dotchin.
0:41 of 1st overtime period - Deflect By Travis Dermott.
0:41 of 1st overtime period - Stopped by Niklas Svedberg without a rebound.
0:42 of 1st overtime period - Scott Laughton wins face-off versus Tyler Randell in Carnivores zone.
0:53 of 1st overtime period - Snap shot by Tyler Randell.
0:53 of 1st overtime period - Shot Misses the Net.
1:41 of 1st overtime period - Slapshot by Reid McNeill.
1:41 of 1st overtime period - Stopped by Niklas Svedberg with a rebound.
1:43 of 1st overtime period - Snap shot by A.J. Greer.
1:43 of 1st overtime period - Stopped by Niklas Svedberg with a rebound.
1:45 of 1st overtime period - Snap shot by Dylan Olsen.
1:45 of 1st overtime period - Stopped by Niklas Svedberg with a rebound.
1:47 of 1st overtime period - Slapshot by Reid McNeill.
1:47 of 1st overtime period - Shot Blocked by Mat Clark.
1:49 of 1st overtime period - Snap shot by Reid McNeill.
1:49 of 1st overtime period - Stopped by Niklas Svedberg with a rebound.
1:51 of 1st overtime period - Slapshot by Dylan Olsen.
1:51 of 1st overtime period - Shot Blocked by Mat Clark.
1:53 of 1st overtime period - Slapshot by David Kampf.
1:53 of 1st overtime period - Shot Misses the Net.
2:31 of 1st overtime period - David Kampf is hit by Blake Geoffrion and loses puck.
2:46 of 1st overtime period - Nick Sorensen is hit by Markus Granlund.
2:56 of 1st overtime period - Anton Gustafsson is hit by Reid McNeill and loses puck.
3:23 of 1st overtime period - Travis Dermott is hit by Nick Sorensen and loses puck.
3:48 of 1st overtime period - Jake Dotchin is hit by Josh Morrissey and loses puck.
4:21 of 1st overtime period - Backhand shot by Mark McNeill.
4:21 of 1st overtime period - Shot Blocked by Dylan Olsen.
4:43 of 1st overtime period - Dylan Olsen is hit by Chris Lawrence.
4:53 of 1st overtime period - Devon Teows is hit by Josh Morrissey and loses puck.
Goals for this period are 0 for Harfangs vs 0 for Carnivores.
Shots for this period are 5 for Harfangs vs 0 for Carnivores.
ShootOut
5:00 of 1st overtime period - Round #1.
5:00 of 1st overtime period - Harfangs, Tyler Randell.
5:00 of 1st overtime period - Snap shot by Tyler Randell.
5:00 of 1st overtime period - Stopped by Niklas Svedberg.
5:00 of 1st overtime period - Carnivores, Joel Armia.
5:00 of 1st overtime period - Deke by Joel Armia.
5:00 of 1st overtime period - Shot Misses the Net.
5:00 of 1st overtime period - Round #2.
5:00 of 1st overtime period - Harfangs, Tyler Brenner.
5:00 of 1st overtime period - Wrist shot by Tyler Brenner.
5:00 of 1st overtime period - Goal by Tyler Brenner.
5:00 of 1st overtime period - Carnivores, Anton Gustafsson.
5:00 of 1st overtime period - Deke by Anton Gustafsson.
5:00 of 1st overtime period - Stopped by Ilya Sorokin.
5:00 of 1st overtime period - Round #3.
5:00 of 1st overtime period - Harfangs, Calle Jarnkrok.
5:00 of 1st overtime period - Wrist shot by Calle Jarnkrok.
5:00 of 1st overtime period - Goal by Calle Jarnkrok.